 Dungeon Crawl Stone Soup version 0.21-a0-531-gacddea6 (webtiles) character file.

79 slep the Chopper (level 4, -1/34 HPs)
             Began as a Demonspawn Gladiator on Dec 14, 2017.
             Killed from afar by Natasha (4 damage)
             ... with a magic dart
             ... on level 3 of the Dungeon.
             The game lasted 00:06:49 (1641 turns).

slep the Chopper (Demonspawn Gladiator)             Turns: 1641, Time: 00:06:50

Health: -1/34      AC:  5    Str: 14    XL:     4   Next: 16%
Magic:  0/4        EV: 14    Int:  9    God:
Gold:   125        SH:  0    Dex: 16    Spells: 3/3 levels left

rFire    . . .     SeeInvis .   a - +0 war axe
rCold    . . .     Gourm    .   (no shield)
rNeg     . . .     Faith    .   t - +2 robe {MR+}
rPois    .         Spirit   +   c - +0 helmet
rElec    .         Reflect  .   (no cloak)
rCorr    .         Harm     .   (no gloves)
MR       +....                  (no boots)
Stlth    ++........             (no amulet)
HPRegen  0.11/turn              (no ring)
MPRegen  0.18/turn              (no ring)

@: very slightly contaminated, invisible
A: magic shield, magic regeneration, rot immunity
a: no special abilities


You were on level 3 of the Dungeon.
You were hungry.

You visited 1 branch of the dungeon, and saw 3 of its levels.

You collected 125 gold pieces.

Inventory:

Hand Weapons
 a - a +0 war axe (weapon)
Missiles
 d - 3 throwing nets (quivered)
 e - 7 tomahawks
Armour
 b - a +0 leather armour
 c - a +0 helmet (worn)
 t - a +2 robe of magic resistance (worn)
Scrolls
 h - a scroll of enchant weapon {unknown}
 i - a scroll of noise {unknown}
 k - 2 scrolls of teleportation {unknown}
 m - 2 scrolls of immolation {unknown}
 n - 2 scrolls of amnesia {unknown}
 o - a scroll of fog {unknown}
 q - a scroll of random uselessness {unknown}
 r - a scroll of remove curse {unknown}
 x - a scroll of enchant armour {unknown}
Potions
 j - a potion of magic {unknown}
 l - a potion of resistance {unknown}
 p - a potion of cancellation {unknown}
 s - 2 potions of curing {unknown}
 u - a potion of heal wounds {unknown}
Comestibles
 f - 2 bread rations
 v - a royal jelly


   Skills:
 + Level 2.4 Fighting
 + Level 3.6 Axes
 + Level 1.8 Throwing
 + Level 0.5 Armour
 + Level 3.2 Dodging
 + Level 0.6 Stealth


You had 3 spell levels left.
You didn't know any spells.

Dungeon Overview and Level Annotations

Branches:
Dungeon (3/15)

Altars:

Annotations:
D:2 1 runed door
D:3 Grinder; Natasha; nomadicburrito's ghost, amateur GrEE


Innate Abilities, Weirdness & Mutations

When hurt, damage is shared between your health and your magic reserves.
You regenerate magic rapidly.
You are immune to rotting.


Message History

You slash Grinder!
Grinder is moderately wounded.
Grinder hits you.
You writhe in agony.
You barely miss Grinder.
Grinder is moderately wounded.
Grinder hits you but does no damage.
The leopard gecko hisses angrily.
You slash Grinder!
Grinder is heavily wounded.
Natasha mumbles some strange words.
Grinder hits you!
* * * LOW HITPOINT WARNING * * *
You writhe in agony.
* * * LOW HITPOINT WARNING * * *
Grinder hits you.
* * * LOW HITPOINT WARNING * * *
Found a spear.
Found a stone staircase leading down.
Natasha stares at you and mumbles some strange words.
The magic dart hits you!
You die...

... ..l## ..
........ #.
........ #.## ...
.... .5##.# .....
. ###....##....
#!..#...#h#..%...
#......5...#####.
####...##@.......
###...).......
###.........
..........
##.......>.
##........
#...$....
#........


You could see Grinder, Natasha and a white imp.

Vanquished Creatures
  An adder (D:2)
  3 oozes
  2 leopard geckos (D:1)
  A giant cockroach (D:1)
  6 goblins
  10 hobgoblins (D:1)
  2 jackals (D:2)
  11 kobolds
  A ball python (D:1)
  5 bats
  5 frilled lizards
  7 rats
  A fungus (D:2)
55 creatures vanquished.

Notes
Turn   | Place    | Note
-------+----------+-------------------------------------------
     0 | D:1      | slep the Demonspawn Gladiator began the quest for the Orb.
     0 | D:1      | Reached XP level 1. HP: 16/16 MP: 1/1
    82 | D:1      | Gained mutation: When hurt, damage is shared between your health and your magic reserves. [demonic ancestry]
    82 | D:1      | Reached XP level 2. HP: 3/22 MP: 2/2
   186 | D:1      | Gained mutation: You regenerate magic rapidly. [demonic ancestry]
   186 | D:1      | Reached XP level 3. HP: 3/27 MP: 1/3
  1010 | D:2      | Gained mutation: You are immune to rotting. [demonic ancestry]
  1010 | D:2      | Reached XP level 4. HP: 34/34 MP: 4/4
  1482 | D:2      | Found a runed door.
  1525 | D:3      | Noticed nomadicburrito's ghost (amateur GrEE)
  1529 | D:3      | Noticed Natasha
  1631 | D:3      | Noticed Grinder
  1641 | D:3      | Killed from afar by Natasha

Vault maps used:
D:1:      tarquinn_simple_flora_water_f, minmay_split_cup_large
D:2:      uniq_crazy_yiuf_cottage
D:3:      first_bread, uniq_natasha, uniq_grinder

Skill      XL: |  1  2 |
---------------+-------+-----
Dodging        | 3 |  3.2
Axes           | 3 |  3.6
Fighting       | |  2.4
Throwing       | |  1.8
Armour         | |  0.5
Stealth        | |  0.6

Action                   |  1- 3 |  4- 6 || total
-------------------------+-------+-------++-------
Melee: War axe           |   101 |    32 ||   133
  Use: Potion            |       |     1 ||     1
 Stab: Distracted        |     1 |       ||     1
       Sleeping          |       |     1 ||     1
  Eat: Chunk             |       |     2 ||     2
Armor: Leather armour    |    28 |       ||    28
       Robe              |     6 |     7 ||    13
Dodge: Dodged            |    80 |    14 ||    94

Table legend:
 A = Spawn XP
 B = Non-spawn XP
 C = Spawn XP percentage of total XP
 D = Spawn monster count
 E = Non-spawn monster count
 F = Spawn count percentage of total count
 G = Total turns spent on level
                    A         B        C        D         E        F      G
               +---------+---------+-------+---------+---------+-------+---------
         Total |       0 |     113 |   0.0 |       0 |      54 |   0.0 |  1641
               +---------+---------+-------+---------+---------+-------+---------
           D:1 |       0 |      74 |   0.0 |       0 |      39 |   0.0 |   728
           D:2 |       0 |      38 |   0.0 |       0 |      14 |   0.0 |   887
           D:3 |       0 |       1 |   0.0 |       0 |       1 |   0.0 |    26
               +---------+---------+-------+---------+---------+-------+---------
